 Dungeon Crawl Stone Soup version 0.25.1-2-g60ff931df9 (webtiles) character file.

Game seed: 6452318772017692478

284 OdinFK the Poker (level 6, -4/47 HPs)
             Began as a Merfolk Skald on Oct 19, 2020.
             Slain by a mummy (10 damage)
             ... in an ossuary.
             The game lasted 00:11:28 (3021 turns).

OdinFK the Poker (Merfolk Skald)                    Turns: 3021, Time: 00:11:29

Health: -4/47      AC:  5    Str: 14    XL:     6   Next: 29%
Magic:  2/9        EV: 14    Int: 12    God:
Gold:   108        SH:  0    Dex: 13    Spells: 5/10 levels left

rFire    . . .     SeeInvis .   a - +0 spear
rCold    . . .     Gourm    .   (no shield)
rNeg     + . .     Faith    .   b - +0 leather armour
rPois    .         Spirit   .   (no helmet)
rElec    .         Reflect  .   p - scarf {repulsion}
rCorr    .         Harm     .   (no gloves)
MR       .....                  e - +1 pair of boots
Stlth    +.........             (no amulet)
HPRegen  0.15/turn              (no ring)
MPRegen  0.11/turn              n - ring of positive energy

@: repel missiles
A: change form in water, swift swim, stealthy swim
a: no special abilities


You were in an ossuary.
You were not hungry.

You visited 1 branch of the dungeon, and saw 4 of its levels.
You also visited: Ossuary.

You collected 108 gold pieces.

Inventory:

Hand Weapons
 a - a +0 spear (weapon)
Missiles
 c - 10 poisoned darts (quivered)
 t - 3 datura-tipped darts
Armour
 b - a +0 leather armour (worn)
 e - a +1 pair of boots (worn)
 p - a scarf of repulsion (worn)
Jewellery
 h - an uncursed amulet of guardian spirit
 n - a ring of positive energy (right hand)
Scrolls
 l - a scroll of magic mapping {unknown}
 o - a scroll of amnesia {unknown}
 q - a scroll of identify {unknown}
 r - a scroll of teleportation {unknown}
 u - a scroll of remove curse
Potions
 f - a potion of flight {unknown}
 i - a potion of curing {unknown}
 j - a potion of mutation {unknown}
 k - a potion of magic {unknown}
 m - a potion of degeneration {unknown}
 s - 2 potions of berserk rage {unknown}
 w - a potion of heal wounds {unknown}
 x - a potion of brilliance {unknown}
Comestibles
 d - 9 rations


   Skills:
 - Level 3.0 Fighting
 + Level 5.7 Polearms
 - Level 1.0 Throwing
 - Level 1.0 Armour
 + Level 4.7 Dodging
 - Level 2.5 Spellcasting
 - Level 4.0 Charms
 - Level 0.5 Translocations
 - Level 1.0 Evocations


You had 5 spell levels left.
You knew the following spells:

 Your Spells              Type           Power        Failure   Level  Hunger
a - Infusion              Chrm           ##..         6%          1    #......
b - Shroud of Golubria    Chrm/Tloc      #.....       19%         2    ###....
c - Song of Slaying       Chrm           ##......     10%         2    ###....

Your spell library contained the following spells:

 Spells                   Type           Power        Failure   Level  Hunger
 Ozocubu's Armour         Chrm/Ice       #.......     38%         3    ###....
 Spectral Weapon          Hex/Chrm       #.......     38%         3    ###....


Dungeon Overview and Level Annotations

Branches:
Dungeon (4/15)            Ossuary (1/1)
 Temple: D:4-7

Altars:
Qazlal


Message History

Confirm with . or Enter, or press ? or * to list all spells.
Space distorts slightly along a thin shroud covering your body.
The mummy hits you!
* * * LOW HITPOINT WARNING * * *
Your shroud falls apart!
Unknown command.
You puncture the mummy!
You destroy the mummy!
The mummy hits you!
* * * LOW HITPOINT WARNING * * *
Unknown command.
Evoke which item? (* to show all) (? for menu, Esc to quit)
Aiming: Corrosive Bolt
Press: ? - help, Shift-Dir - straight line, f - mummy, p - mummy
Aim: a mummy The bolt of acid hits the mummy!
The mummy is splashed with acid.
The acid corrodes the mummy!
The mummy is almost destroyed.
The now-empty wand crumbles to dust.
The mummy hits you!
You die...

#############
......M@MZ..##
...####.MZ...##
.. ##..##MM....#
..##....##.....#
..........M....#
..............##
..........M..##
#........##+#
#......##


You could see 6 mummies, a big kobold zombie (corroded) and an orc zombie.

Vanquished Creatures
  An ice beast (D:3)
  An orc wizard (D:3)
  A worker ant (D:4)
  A mummy (Ossuary)
  3 adders
  An ooze (D:1)
  3 worms
  2 dart slugs
  3 orcs
  A giant cockroach (D:3)
  2 gnoll zombies (Ossuary)
  8 goblins
  8 hobgoblins
  9 jackals (D:2)
  5 kobolds
  9 bats
  4 frilled lizards
  A hobgoblin zombie (Ossuary)
  2 kobold zombies (Ossuary)
  An orc zombie (Ossuary)
  9 rats
75 creatures vanquished.

Notes
Turn   | Place    | Note
-------+----------+-------------------------------------------
     0 | D:1      | OdinFK the Merfolk Skald began the quest for the Orb.
     0 | D:1      | Reached XP level 1. HP: 16/16 MP: 3/3
   260 | D:1      | Reached XP level 2. HP: 22/23 MP: 0/5
   676 | D:1      | Reached skill level 1 in Armour
   731 | D:2      | Reached XP level 3. HP: 24/28 MP: 6/6
   847 | D:2      | Learned a level 2 spell: Shroud of Golubria
  1377 | D:2      | Found a stormy altar of Qazlal.
  1435 | D:2      | Reached XP level 4. HP: 26/34 MP: 1/7
  1656 | D:3      | Learned a level 2 spell: Song of Slaying
  2316 | D:3      | Noticed an ice beast
  2361 | D:3      | Killed an ice beast
  2361 | D:3      | Reached skill level 5 in Polearms
  2361 | D:3      | Reached skill level 1 in Throwing
  2361 | D:3      | Reached skill level 1 in Evocations
  2361 | D:3      | Reached XP level 5. HP: 10/41 MP: 4/8
  2518 | D:3      | Reached XP level 6. HP: 15/47 MP: 5/9
  2943 | D:4      | Found a sand-covered staircase.
  2948 | Ossuary  | Entered an ossuary
  3021 | Ossuary  | Slain by a mummy

Illustrated notes

Levels and vault maps discovered:
D:1:      giann_horns, layout_basic
D:2:      layout_loops_cross, nicolae_qazlal_eye_of_the_storm
D:3:      layout_loops_ring, first_ration
D:4:      layout_cave_pools, gup_sewer_entry_spiral, enter_ossuary_5,
          uniq_edmund
Ossuary:  ossuary_tomb_3

Skill      XL: |  1  2  3  4 |
---------------+-------------+-----
Dodging        | 3 4 |  4.7
Armour         | 1 |  1.0
Fighting       | 3 |  3.0
Polearms       | 5 |  5.7
Throwing       | 1 |  1.0
Charms         | 4 |  4.0
Evocations     | 1 |  1.0
Spellcasting   | |  2.5
Translocations | |  0.5

Action                   |  1- 3 |  4- 6 || total
-------------------------+-------+-------++-------
Melee: Spear             |   158 |   176 ||   334
Throw: Dart              |       |    11 ||    11
 Cast: Infusion          |    14 |     9 ||    23
       Shroud of Golubri |     1 |     8 ||     9
Evoke: Wand              |       |     5 ||     5
  Use: Scroll            |       |     2 ||     2
 Stab: Sleeping          |     1 |     1 ||     2
       Distracted        |     1 |       ||     1
  Eat: Chunk             |     2 |     6 ||     8
Armor: Leather armour    |    34 |    25 ||    59
Dodge: Dodged            |    82 |    93 ||   175
